 Dungeon Crawl Stone Soup version 0.28-a0-317-g21599a725c (webtiles) character file.

Game seed: 3835945527055724245

20037 Colgate the Brawler (level 12, -3/86 HPs)
             Began as a Palentonga Berserker on Sept 1, 2021.
             Was a High Priest of Trog.
             Slain by a wraith (8 damage)
             ... led by Josephine
             ... on level 11 of the Dungeon.
             The game lasted 01:55:19 (19874 turns).

Colgate the Brawler (Palentonga Berserker)         Turns: 19874, Time: 01:55:21

Health: -3/86      AC: 27    Str: 24    XL:     12   Next: 41%
Magic:  12/12      EV:  3    Int: 11    God:    Trog [*****.]
Gold:   1190       SH:  0    Dex: 12    Spells: 11/11 levels left

rFire   + + .      SeeInvis +     - Unarmed
rCold   + + .      Faith    .   (no shield)
rNeg    + . .      Spirit   .   O - +0 plate armour
rPois   .          Reflect  .   (no helmet)
rElec   .          Harm     .   D - scarf {rC+ rF+}
rCorr   .          Rampage  .   C - +0 pair of gloves
Will    +....                   A - +2 barding
Stlth   ..........              (no amulet)
HPRegen 1.24/turn               o - ring "Suuczic" {rC++ rN+ Will+ Int+4}
MPRegen 0.13/turn               f - ring of fire

@: on berserk cooldown, slowed, curled up, very slow
A: large, rugged brown scales 3, see invisible, deformed body, roll 1, armoured
tail, reflexive curl, talons 1, iridescent scales 1, regeneration 1, wild magic
1
a: Rolling Charge, Renounce Religion, Berserk, Trog's Hand, Brothers in Arms


You were on level 11 of the Dungeon.
You worshipped Trog.
Trog was extremely pleased with you.
You visited 4 branches of the dungeon, and saw 15 of its levels.
You also visited: Sewer and Bailey.

You collected 1190 gold pieces.

Inventory:

Missiles
 e - 8 atropa-tipped darts
 g - 49 boomerangs
 k - 117 poisoned darts
 G - 8 throwing nets
 I - 3 boomerangs of dispersal
 J - a curare-tipped dart
Armour
 j - +0 steam dragon scales
 p - a +0 chain mail
 u - a +0 troll leather armour
 z - a +1 ring mail of fire resistance
 A - a +2 barding (worn)
 C - a +0 pair of gloves (worn)
 D - a scarf of resistance (worn)
 O - a +0 plate armour (worn)
Jewellery
 f - a ring of fire (right hand)
 o - the ring "Suuczic" (left hand) {rC++ rN+ Will+ Int+4}
   (You acquired it on level 6 of the Dungeon)

   [ring of positive energy]

   Int:       It affects your intelligence (+4).
   rC:        It greatly protects you from cold.
   rN:        It protects you from negative energy.
   Will:      It increases your willpower.
 K - a ring of ice
 N - a ring of poison resistance
Wands
 d - a wand of polymorph (21)
 H - a wand of charming (6)
Scrolls
 a - 2 scrolls of fear
 i - 8 scrolls of teleportation
 v - 7 scrolls of blinking
 w - a scroll of magic mapping {unknown}
 x - a scroll of enchant armour {unknown}
 y - a scroll of fog {unknown}
 E - 2 scrolls of torment
 L - a scroll of vulnerability {unknown}
Potions
 b - 5 potions of might
 c - 5 potions of flight
 h - 6 potions of curing
 l - 2 potions of lignification
 m - a potion of brilliance {unknown}
 n - a potion of haste
 q - a potion of magic {unknown}
 r - 2 potions of degeneration
 s - a potion of ambrosia
 t - 4 potions of heal wounds
 B - a potion of attraction {unknown}


   Skills:
 - Level 3.0 Fighting
 + Level 4.1 Throwing
 - Level 5.0 Armour
 - Level 1.5 Dodging
 - Level 18.0 Unarmed Combat


You had 11 spell levels left.
You didn't know any spells.
Your spell library was empty.

Dungeon Overview and Level Annotations

Branches:
Dungeon (11/15)            Temple (1/1) D:5            Lair (1/6) D:10
    Orc (2/2) D:9             Elf (0/3) Orc:2         Sewer (visited)
 Bailey (visited)

Altars:
Dithmenos
Elyvilon
Gozag
Hepliaklqana
Kikubaaqudgha
Makhleb
Nemelex Xobeh
Ru
Sif Muna
Trog
Vehumet
Wu Jian
Xom
Yredelemnul
Zin

Annotations:
D:4 3 runed translucent doors, hawkeye's ghost, amateur MiBe
D:10 exclusion: orange crystal statue
D:11 3 runed translucent doors


Innate Abilities, Weirdness & Mutations

You are completely covered in rugged brown scales. (AC +3, +7% HP)
You have supernaturally acute eyesight. (SInv)
Armour fits poorly on your strangely shaped body.
You can roll at nearby foes to attack.
You have a long armoured tail.
You curl defensively after being hit.
You have sharp toenails.
You are partially covered in iridescent scales. (AC +2)
Your natural rate of healing is unusually fast.
Your spells are a little harder to cast, but a little more powerful.


Message History

The wraith hits you!
* * * LOW HITPOINT WARNING * * *
You hit the boulder beetle.
The boulder beetle is severely wounded.
The boulder beetle leaps!
The wraith hits you but does no damage. x2
You barely miss the wraith.
The boulder beetle curls into a ball and begins rolling!
The wraith hits you but does no damage. The wraith hits you!
* * * LOW HITPOINT WARNING * * *
The wraith drains your vigour!
You feel as though you will be slow longer.
You are too injured to fight recklessly!
Roll where?
Press: ? - help, Dir - move target, f/p - boulder beetle
Aim: a boulder beetle (severely wounded, rolling)
You roll forward with a clatter of scales!
You pummel the boulder beetle!!
You kill the boulder beetle!
Trog accepts your kill.
Your Throwing skill increases to level 4!
Roll where?
Press: ? - help, Dir - move target, f - wraith
Aim: a wraith You roll forward with a clatter of scales!
You completely miss the wraith. The wraith hits you but does no damage.
The wraith hits you.
* * * LOW HITPOINT WARNING * * *
The wraith drains your vigour!
You feel as though you will be slow longer.
You punch the wraith!
The wraith is moderately damaged.
The wraith hits you but does no damage. x2
You hit the wraith.
The wraith is heavily damaged.
The wraith hits you!
* * * LOW HITPOINT WARNING * * *
The wraith drains your vigour!
You feel as though you will be slow longer.
The wraith hits you!
You die...

########..## ... ..
#.........)## ... ...
.............##### #...
............ ....###..#
..........####........##
#...........##..........
#.........#.##...†......
#.........#†##..........
#.........#....°@.......
#.........####.WW###....
#.............)..# ###
#.............)..#
###..####...........
...................)..
......................
......................
..........###.........


You could see 2 wraiths.

Vanquished Creatures
  Josephine (D:11)
  Fannar (D:11)
  Harold (D:11)
  A boulder beetle (D:11)
  A two-headed ogre (D:11)
  2 cyclopes (D:11)
  A centaur zombie (D:10)
  2 kobold demonologists
  3 trolls
  Grinder (D:3)
  3 shadows
  A vampire (D:9)
  2 wraiths (D:11)
  A steam dragon (D:8)
  2 wyverns (D:9)
  A human (D:9)
  17 yaks
  A warg (D:9)
  2 two-headed ogre zombies (D:9)
  Duvessa (D:7)
  2 water moccasins
  A swamp drake (D:4)
  10 orc warriors
  A sky beast (D:7)
  A black bear (D:5)
  2 necrophages
  An ogre (D:7)
  A tengu (D:7)
  3 centaurs
  6 phantoms
  5 kobold brigands (D:10)
  3 gnoll sergeants (D:10)
  3 scorpions
  4 bullfrogs
  A water moccasin skeleton (D:4)
  Dowan (D:7)
  5 jellies
  14 killer bees
  3 wights (D:10)
  3 howler monkeys
  A bullfrog zombie (D:6)
  3 orc priests
  A centaur skeleton (D:6)
  7 hounds
  4 gnoll shamans
  Natasha (thrice) (D:3)
  Terence (D:2)
  2 iguanas (D:5)
  8 orc wizards
  6 ogre zombies (D:9)
  A hound skeleton (D:4)
  22 gnolls
  A howler monkey skeleton (D:5)
  5 adders
  A river rat (D:6)
  A shadow imp (D:6)
  A white imp (D:6)
  3 worms (Sewer)
  2 dart slugs (D:2)
  38 orcs
  9 ball pythons
  14 endoplasms
  3 giant cockroaches
  12 goblins
  9 hobgoblins
  9 jackals
  37 kobolds
  6 quokkas
  9 bats
  4 frilled lizards
  2 goblin skeletons (D:9)
  3 goblin zombies (D:9)
  5 hobgoblin skeletons (D:9)
  A hobgoblin zombie (D:9)
  A jackal skeleton (D:4)
  5 kobold skeletons (D:10)
  9 kobold zombies (D:10)
  14 orc zombies (D:9)
  6 rats
384 creatures vanquished.

Vanquished Creatures (collateral kills)
  A hydra (D:7)
  3 death yaks (D:10)
  A two-headed ogre (D:8)
  A cyclops (D:11)
  4 kobold brigands (D:10)
  3 killer bees (D:11)
  A hound (D:10)
  An orc wizard (D:10)
  A gnoll (D:10)
  2 shadow imps (D:10)
  A jackal (D:10)
  6 kobolds (D:10)
  3 kobold skeletons (D:10)
  A kobold zombie (D:10)
29 creatures vanquished.

Vanquished Creatures (others)
  12 fungi (D:3)
  6 toadstools (D:3)
18 creatures vanquished.

Grand Total: 431 creatures vanquished

Notes
Turn   | Place    | Note
-------+----------+-------------------------------------------
     0 | D:1      | Colgate the Palentonga Berserker began the quest for the
                  | Orb.
     0 | D:1      | Reached XP level 1. HP: 19/19 MP: 1/1
   822 | D:2      | Reached XP level 2. HP: 25/25 MP: 2/2
  1598 | D:2      | Noticed Terence
  1641 | D:2      | Killed Terence
  1642 | D:2      | Reached skill level 4 in Unarmed Combat
  1642 | D:2      | Reached XP level 3. HP: 31/31 MP: 3/3
  2340 | D:2      | Found a faded altar of an unknown god.
  3419 | D:3      | Noticed Grinder
  3420 | D:3      | Reached XP level 4. HP: 37/37 MP: 4/4
  3472 | D:3      | Reached skill level 5 in Unarmed Combat
  3572 | D:3      | Reached ** piety under Trog
  3757 | D:3      | Reached XP level 5. HP: 43/43 MP: 5/5
  3861 | D:3      | Noticed Natasha
  3942 | D:3      | Killed Natasha
  4418 | D:3      | Reached skill level 6 in Unarmed Combat
  5027 | D:3      | Paralysed by Grinder for 2 turns
  5056 | D:3      | Paralysed by Grinder for 5 turns
  5065 | D:3      | Killed Grinder
  5066 | D:3      | Reached skill level 7 in Unarmed Combat
  5066 | D:3      | Reached XP level 6. HP: 48/50 MP: 6/6
  5951 | D:3      | Noticed Natasha
  5952 | D:3      | Killed Natasha
  6118 | D:3      | Noticed Natasha
  6126 | D:3      | Killed Natasha
  6655 | D:4      | Found a runed translucent gate.
  6655 | D:4      | Found a runed translucent gate.
  6655 | D:4      | Found a runed translucent gate.
  6671 | D:4      | Gained mutation: You curl defensively after being hit.
                  | [Palentonga growth]
  6671 | D:4      | Reached XP level 7. HP: 55/55 MP: 7/7
  6672 | D:4      | Reached skill level 8 in Unarmed Combat
  6860 | D:4      | Gained mutation: Your spells are a little harder to cast,
                  | but a little more powerful. [potion of mutation]
  6860 | D:4      | Gained mutation: You have sharp toenails. [potion of
                  | mutation]
  6860 | D:4      | Gained mutation: Your natural rate of healing is unusually
                  | fast. [potion of mutation]
  6860 | D:4      | Gained mutation: You are partially covered in iridescent
                  | scales. (AC +2) [potion of mutation]
  7288 | D:4      | Noticed hawkeye's ghost (amateur MiBe)
  7436 | D:4      | Noticed Eustachio
  7437 | D:4      | Noticed Eustachio
  7437 | D:4      | Eustachio changed into Eustachio the swamp drake
  7477 | D:4      | Killed Eustachio the swamp drake
  7478 | D:4      | Reached skill level 9 in Unarmed Combat
  7670 | D:5      | Entered Level 5 of the Dungeon
  7676 | D:5      | Found a staircase to the Ecumenical Temple.
  7714 | Temple   | Entered the Ecumenical Temple
  7718 | Temple   | Reached *** piety under Trog
  7727 | D:5      | Reached XP level 8. HP: 62/62 MP: 8/8
  8106 | D:5      | Reached skill level 10 in Unarmed Combat
  9049 | D:6      | Identified a scroll of acquirement
  9049 | D:6      | Acquired the ring "Suuczic" {rC++ rN+ Will+ Int+4}
  9057 | D:6      | Reached skill level 11 in Unarmed Combat
  9122 | D:6      | Reached skill level 1 in Throwing
  9184 | D:6      | Reached XP level 9. HP: 67/67 MP: 9/9
  9446 | D:6      | Found a glowing drain.
  9450 | Sewer    | Entered a sewer
  9652 | Sewer    | Reached **** piety under Trog
 10022 | D:6      | Found a bloodstained altar of Trog.
 10163 | D:6      | Found a shimmering blue altar of Sif Muna.
 10400 | D:6      | Found a glowing silver altar of Zin.
 10435 | D:7      | Reached skill level 12 in Unarmed Combat
 10542 | D:7      | Noticed Duvessa
 10543 | D:7      | Noticed Dowan
 10556 | D:7      | Killed Dowan
 10560 | D:7      | Killed Duvessa
 10692 | D:7      | Found a sparkling altar of Nemelex Xobeh.
 10954 | D:7      | Noticed Maggie
 10955 | D:7      | Noticed Maggie
 10955 | D:7      | Maggie changed into Maggie the tengu
 10964 | D:7      | Killed Maggie the tengu
 11036 | D:7      | Noticed an eight-headed hydra
 11040 | D:7      | Killed an eight-headed hydra
 11041 | D:7      | Reached skill level 13 in Unarmed Combat
 11041 | D:7      | Reached XP level 10. HP: 74/74 MP: 10/10
 11466 | D:8      | Noticed a two-headed ogre
 11505 | D:8      | Killed a two-headed ogre
 11582 | D:8      | Reached skill level 14 in Unarmed Combat
 11759 | D:8      | Found an ancient bone altar of Kikubaaqudgha.
 12227 | D:8      | Found a shimmering altar of Xom.
 12230 | D:8      | Found an opulent altar of Gozag.
 12234 | D:8      | Found a burning altar of Makhleb.
 12234 | D:8      | Found a white marble altar of Elyvilon.
 12235 | D:8      | Found a basalt altar of Yredelemnul.
 12239 | D:8      | Found a hazy altar of Hepliaklqana.
 13670 | D:9      | Noticed Pikel
 13681 | D:9      | Reached skill level 15 in Unarmed Combat
 13687 | D:9      | Noticed Pikel
 13687 | D:9      | Pikel changed into Pikel the human
 13689 | D:9      | Killed Pikel the human
 13883 | D:9      | Reached ***** piety under Trog
 14389 | D:9      | Found a staircase to the Orcish Mines.
 15716 | D:7      | Found a sparkling altar of Nemelex Xobeh.
 16397 | Orc:1    | Entered Level 1 of the Orcish Mines
 16773 | Orc:2    | Entered Level 2 of the Orcish Mines
 16773 | Orc:2    | Found a staircase to the Elven Halls.
 16812 | D:10     | Entered Level 10 of the Dungeon
 16828 | D:10     | Reached XP level 11. HP: 78/80 MP: 11/11
 17028 | Orc:2    | Noticed an orc high priest
 17166 | D:10     | Noticed a death yak
 17171 | D:10     | Noticed a death yak
 17171 | D:10     | Noticed a death yak
 17175 | D:10     | Killed a death yak
 17176 | D:10     | Reached skill level 16 in Unarmed Combat
 17179 | D:10     | Killed a death yak
 17183 | D:10     | Killed a death yak
 17336 | D:10     | Found a staircase to the Lair.
 17346 | Lair:1   | Entered Level 1 of the Lair of Beasts
 17532 | D:10     | Reached skill level 5 in Armour
 17646 | D:10     | Received a gift from Trog
 18036 | D:10     | Found a sacrificial altar of Ru.
 18201 | D:10     | Noticed an orange crystal statue
 18621 | D:10     | Found an ancient bone altar of Kikubaaqudgha.
 18977 | D:11     | Noticed a two-headed ogre
 18978 | D:11     | Noticed Fannar
 18981 | D:11     | Reached skill level 17 in Unarmed Combat
 18985 | D:11     | Killed a two-headed ogre
 18997 | D:11     | Killed Fannar
 18998 | D:11     | Reached XP level 12. HP: 86/86 MP: 12/12
 19107 | D:11     | Noticed Harold
 19119 | D:11     | Killed Harold
 19174 | D:11     | Found a runed translucent gate.
 19175 | D:11     | Found a runed translucent gate.
 19176 | D:11     | Found a runed translucent gate.
 19306 | D:11     | Found a flagged portal.
 19348 | D:11     | Identified the +10 quarterstaff "Inasmiec" {vorpal, rN++
                  | Will-} (Trog gifted it to you on level 11 of the Dungeon)
 19348 | D:11     | Received a gift from Trog
 19406 | Bailey   | Entered a bailey
 19513 | Bailey   | Found a bloodstained altar of Trog.
 19836 | D:11     | Reached skill level 18 in Unarmed Combat
 19851 | D:11     | Noticed a boulder beetle
 19860 | D:11     | Noticed Josephine
 19863 | D:11     | Killed Josephine
 19871 | D:11     | Killed a boulder beetle
 19874 | D:11     | Slain by a wraith

Illustrated notes

Levels and vault maps discovered:
D:1:      dpeg_arrival_lava_temple_mockup, layout_loops_cross,
          columned_hall_lemuel, dk_noncrumbling_3
D:2:      layout_loops_corners, chequers_ecumenical_altar_simple_redux,
          minmay_pentomino_pile, uniq_terence
D:3:      cheibrodos_fertilizer, layout_loops_cross, grunt_ministairs_14,
          kennysheep_path_1, uniq_natasha, uniq_grinder
D:4:      layout_rooms, gammafunk_ghost_necromancy, serial_curves,
          eino_curves_01, eino_curves_01, nrook_mini_backslash, uniq_eustachio
D:5:      layout_basic, temple_statues
D:6:      layout_cave_pools, nzn_overflow_gifts_of_might_and_magic,
          zin_statuary, gup_sewer_entry_bowl
D:7:      layout_gridville, nemelex_spade_bored_becter, uniq_maggie,
          uniq_duvessa
D:8:      layout_cave_pods, minitemple, mainiacjoe_overflow_brackets
D:9:      minmay_evil_eye, layout_loops_ring, zombieorc2_lemuel, minivault_21,
          uniq_pikel
D:10:     wander_kiku_kobolds, layout_cross, nicolae_ru_the_path_less_chosen,
          dpeg_lair_monsters, serial_gnoll_camp, gnoll_camp_mini_hut,
          gnoll_camp_mini_hut, gnoll_camp_mini_doghouse, gnoll_camp_mini_house,
          gnoll_camp_medium_02, minmay_misc_feat_cross,
          corexii_leaking_fountain, minivault_15, minmay_misc_feat_tower
D:11:     layout_basic, gammafunk_ghost_icy, enter_bailey_8, uniq_josephine,
          uniq_fannar, uniq_harold
Temple:   compressed_dpeg_circular_temple
Lair:1:   layout_misc_corridors, grunt_megastairs_2, uniq_sonja
Orc:1:    layout_caves
Orc:2:    st_orc_ogre_mass, layout_caves

Skill      XL: |  1  2  3  4  5  6  7  8  9 10 11 12 |
---------------+-------------------------------------+-----
Unarmed Combat | 4 5 7 9 11 13 15 17 18 | 18.0
Armour         | 2 3 5 |  5.0
Throwing       | 2 4 |  4.1
Fighting       | |  3.0
Dodging        | |  1.5

Action                   |  1- 3 |  4- 6 |  7- 9 | 10-12 || total
-------------------------+-------+-------+-------+-------++-------
Melee: Unarmed           |    61 |    94 |   267 |   539 ||   961
       Tailslap          |     6 |    13 |    31 |    76 ||   126
       Kick              |       |       |    50 |       ||    50
       Punch             |       |       |    11 |    36 ||    47
Throw: Dart              |       |     1 |    41 |    27 ||    69
       Boomerang         |       |       |       |    38 ||    38
Invok: Berserk           |     2 |     4 |     9 |     9 ||    24
       Trog's Hand       |       |     1 |       |     2 ||     3
       Brothers in Arms  |       |       |     1 |     4 ||     5
 Abil: Rolling Charge    |    24 |    26 |    74 |    90 ||   214
Evoke: Wand              |     2 |     2 |     2 |     3 ||     9
  Use: Scroll            |     5 |       |     8 |     3 ||    16
       Potion            |       |       |     2 |     1 ||     3
Armor: Animal skin       |     2 |       |    20 |       ||    22
       Scale mail        |    10 |     4 |       |       ||    14
       Ring mail         |       |    27 |    60 |   388 ||   475
       Skin              |       |       |       |     2 ||     2
       Plate armour      |       |       |       |    22 ||    22
Dodge: Dodged            |    14 |    42 |    84 |   191 ||   331

Table legend: (Time is in decaauts)
 A = Elapsed time spent in this place.
 B = Non-inter-level travel time spent in this place.
 C = Inter-level travel time spent in this place.
 D = Time resting spent in this place.
 E = Time spent auto-exploring this place.
 F = Levels seen in this place.
 G = Mean time per level.
                   A        B        C        D        E       F      G
               +--------+--------+--------+--------+--------+-----+--------+
         Total |  20052 |  18379 |   1673 |   4169 |  10183 |  17 | 1179.5 |
       Dungeon |  18328 |  16705 |   1623 |   3835 |   9587 |  11 | 1666.2 |
        Temple |    165 |    165 |      0 |     43 |      0 |   1 |  165.0 |
          Lair |     44 |     44 |      0 |      0 |     18 |   1 |   44.0 |
  Orcish Mines |    659 |    609 |     50 |    291 |    111 |   2 |  329.5 |
         Sewer |    572 |    572 |      0 |      0 |    389 |   1 |  572.0 |
        Bailey |    281 |    281 |      0 |      0 |     77 |   1 |  281.0 |
               +--------+--------+--------+--------+--------+-----+--------+

Top non-repeatable levels by time:
     D:3: 3237 daAuts
     D:9: 2093 daAuts
     D:2: 1876 daAuts
     D:8: 1853 daAuts
     D:1: 1816 daAuts
    D:10: 1733 daAuts
     D:7: 1731 daAuts
     D:5: 1390 daAuts
     D:4: 1129 daAuts
     D:6: 900 daAuts
   Orc:1: 647 daAuts
   Sewer: 572 daAuts
    D:11: 567 daAuts
  Bailey: 281 daAuts
  Temple: 165 daAuts
